 Dungeon Crawl Stone Soup version 0.30.0-29-ga12c61a403 (webtiles) character file.

Game seed: 8415944777300368663

25965 seaoflcl the Cleaver (level 12, 0/107 HPs)
             Began as a Minotaur Fighter on June 6, 2023.
             Was the Champion of Okawaru.
             Slain by a six-headed hydra (7 damage)
             ... on level 3 of the Lair of Beasts.
             The game lasted 00:30:57 (16098 turns).

seaoflcl the Cleaver (Minotaur Fighter)            Turns: 16098, Time: 00:30:58

Health: 0/107      AC: 18    Str: 26    XL:     12   Next: 94%
Magic:  11/11      EV:  7    Int:  5    God:    Okawaru [******]
Gold:   936        SH:  6    Dex: 10    Spells: 11/11 levels left

rFire   . . .        l - +2 short sword (freeze)
rCold   . . .        c - +0 buckler
rNeg    . . .        J - +0 plate armour
rPois   +            k - +2 hat
rElec   .            (no cloak)
rCorr   .            (no gloves)
SInv    .            K - +0 pair of boots
Will    .....        (no amulet) Stlth
                     w - +4 ring of slaying
HPRegen 0.37/turn    O - ring of poison resistance
MPRegen 0.12/turn

%: no passive effects
@: studying Armour
A: horns 2, retaliatory headbutt
a: Renounce Religion, Heroism, Finesse, Duel


You were on level 3 of the Lair of Beasts.
You worshipped Okawaru.
Okawaru was exalted by your worship.
You visited 3 branches of the dungeon, and saw 16 of its levels.
You also visited: Bailey.

You collected 936 gold pieces.

Inventory:

Hand Weapons
 l - a +2 short sword of freezing (weapon)
 x - a +6 dire flail of draining
 D - a +1 falchion of holy wrath
 G - a +2 heavy war axe
 X - the +7 executioner's axe "Weci" {elec, +Blink Will- Str+3 Int+3}
   (You found it in a bailey)

   Str:       It affects your strength (+3).
   Int:       It affects your intelligence (+3).
   +Blink:    It lets you blink.
   Will:      It decreases your willpower.
 Y - the +9 longbow of the Equator {flame, rPois rF- rN+ Dex+4}
   (Okawaru gifted it to you on level 11 of the Dungeon)

   Dex:       It affects your dexterity (+4).
   rF:        It makes you vulnerable to fire.
   rPois:     It protects you from poison.
   rN:        It protects you from negative energy.
Missiles
 n - a datura-tipped dart
 v - 31 poisoned darts
 y - a silver boomerang
 C - 2 throwing nets
 L - 8 silver javelins (quivered)
 Q - 2 javelins
 V - 2 curare-tipped darts
Armour
 c - a +0 buckler (worn)
 k - a +2 hat (worn)
 J - a +0 plate armour (worn)
 K - a +0 pair of boots (worn)
Jewellery
 w - a +4 ring of slaying (left hand)
 F - a ring of protection from fire
 I - a ring of willpower
 O - a ring of poison resistance (right hand)
 U - a +6 ring of strength
 W - a +4 ring of protection
Wands
 m - a wand of iceblast (5)
Scrolls
 a - a scroll of enchant weapon {unknown}
 d - 3 scrolls of fear
 e - 4 scrolls of poison
 f - 2 scrolls of summoning
 g - 5 scrolls of enchant armour
 i - a scroll of silence {unknown}
 j - 3 scrolls of amnesia
 q - 6 scrolls of teleportation
 s - a scroll of identify
 A - a scroll of fog {unknown}
 B - 4 scrolls of noise {unknown}
 H - 2 scrolls of vulnerability {unknown}
 R - 3 scrolls of magic mapping {unknown}
Potions
 b - 3 potions of mutation
 h - 3 potions of cancellation
 o - a potion of curing
 p - 4 potions of lignification
 r - a potion of invisibility {unknown}
 t - a potion of degeneration {unknown}
 u - 2 potions of magic {unknown}
 z - 2 potions of berserk rage {unknown}
 E - 2 potions of attraction {unknown}
 M - a potion of flight {unknown}
 N - 2 potions of resistance {unknown}
 P - 3 potions of ambrosia
 S - a potion of heal wounds {unknown}
 T - a potion of brilliance {unknown}


   Skills:
 + Level 10.4 Fighting
 + Level 8.4 Long Blades
 * Level 13.0(13.2) Axes
 - Level 3.1(9.0) Maces & Flails
 + Level 8.6 Ranged Weapons
 + Level 8.0 Throwing
 + Level 11.7 Armour
 + Level 10.3 Shields


You had 11 spell levels left.
You didn't know any spells.
Your spell library contained the following spells:

 Spells                   Type           Power      Damage    Failure   Level
 Kiss of Death            Conj/Necr      0%         2d5       99%         1
 Sublimation of Blood     Necr           0%         N/A       100%        2
 Wereblood                Tmut           0%         N/A       100%        2
 Confusing Touch          Hex            0%         N/A       100%        3
 Dazzling Flash           Conj/Hex       0%         N/A       100%        3
 Ignite Poison            Fire/Tmut/Pois 0%         N/A       100%        3
 Volatile Blastmotes      Fire/Tloc      0%         2d10      100%        3
 Dispel Undead            Necr           0%         3d6       100%        4
 Iskenderun's Mystic Bla  Conj/Tloc      0%         2d3       100%        4
 Sticky Flame             Conj/Fire      0%         2d3       100%        4
 Starburst                Conj/Fire      0%         6d3       100%        6
 Ozocubu's Refrigeration  Ice            0%         4d7       100%        7
 Ignition                 Fire           0%         3d3       100%        8
 Polar Vortex             Ice            0%         N/A       100%        9
 Simulacrum               Ice/Necr       Unusable   N/A       N/A         6
 Summon Hydra             Summ           Unusable   N/A       N/A         7

Dungeon Overview and Level Annotations

Branches:
Dungeon (12/15)            Temple (1/1) D:7            Lair (3/5) D:11
 Bailey (visited)
  Swamp: Lair:2-3    Shoals: Lair:2-3     Snake: Lair:2-3    Spider: Lair:2-3
    Orc: D:9-12

Altars:
Ashenzari
Cheibriados
Dithmenos
Elyvilon
Fedhas
Gozag
Hepliaklqana
Kikubaaqudgha
Makhleb
Nemelex Xobeh
Okawaru
Qazlal
Ru
Sif Muna
Trog
Uskayaw
Vehumet
Wu Jian
Xom
Yredelemnul
Zin
The Shining One

Shops:
D:4 *

Annotations:
D:5 2 transporters, Irreverend's ghost, novice DsFi
Lair:3 Snorg


Innate Abilities, Weirdness & Mutations

You have a pair of horns on your head.
You reflexively headbutt those who attack you in melee.


Message History

Your +2 short sword of freezing glows with a cold blue light!
l - a +2 short sword of freezing (weapon)
You hit the six-headed hydra.
The six-headed hydra seems to slow down.
You freeze the six-headed hydra.
The six-headed hydra is lightly wounded.
The six-headed hydra bites you.
* * * LOW HITPOINT WARNING * * *
The six-headed hydra bites you.
* * * LOW HITPOINT WARNING * * *
The six-headed hydra bites you but does no damage.
The six-headed hydra closely misses you.
The six-headed hydra barely misses you.
The six-headed hydra closely misses you.
You puncture the six-headed hydra!
The six-headed hydra seems to slow down.
You freeze the six-headed hydra.
The six-headed hydra is moderately wounded.
You hit the six-headed hydra. You freeze the six-headed hydra.
The six-headed hydra is heavily wounded.
The six-headed hydra bites you but does no damage.
The six-headed hydra bites you.
* * * LOW HITPOINT WARNING * * *
The six-headed hydra closely misses you.
You block the six-headed hydra's attack.
The six-headed hydra bites you!
* * * LOW HITPOINT WARNING * * *
The six-headed hydra bites you but does no damage.
You hit the six-headed hydra.
The six-headed hydra seems to slow down.
You freeze the six-headed hydra.
The six-headed hydra is heavily wounded.
Unknown command.
You fail to use your ability.
The six-headed hydra bites you.
* * * LOW HITPOINT WARNING * * *
The six-headed hydra barely misses you.
You block the six-headed hydra's attack.
The six-headed hydra bites you but does no damage. x2
The six-headed hydra bites you!
You die...

### #.## P.#.
... #..
###.#####
#.?D....##.
#..@....PP.
#...........
##.......P#.
.......T....
.#.........#.
#.
.##..#.#.#..
. .# #..#...#
. .. ........


You could see Snorg and a six-headed hydra (slow).

Vanquished Creatures
  Harold (Lair:1)
  3 two-headed ogres
  Pikel (D:7)
  An orc knight (Bailey)
  An ugly thing (D:12)
  A black mamba (Lair:2)
  5 cane toads
  6 elephants (Lair:1)
  5 komodo dragons
  A rime drake (Lair:1)
  4 trolls
  5 blink frogs (Lair:2)
  A wraith (D:11)
  47 yaks
  2 wyverns (D:8)
  3 basilisks
  A steam dragon (D:7)
  Edmund (D:4)
  3 acid dragons
  9 water moccasins
  Duvessa (D:4)
  3 ice beasts
  A sky beast (D:8)
  4 black bears
  10 orc warriors
  An ogre (D:4)
  6 wolves (Lair:1)
  5 centaurs
  3 lemures (D:7)
  6 kobold brigands
  10 bullfrogs
  3 gnoll sergeants
  A scorpion (D:11)
  5 wights (D:8)
  Dowan (D:4)
  11 killer bees
  4 electric eels (D:10)
  4 howler monkeys
  2 jellies
  2 orc priests
  4 hounds
  4 iguanas
  12 orc wizards
  A sleepcap (D:4)
  Natasha (thrice) (D:2)
  3 adders
  14 gnolls
  3 white imps
  An ufetubus (D:6)
  3 worms
  3 dart slugs
  32 orcs
  8 ball pythons
  7 endoplasms
  4 giant cockroaches
  4 goblins
  6 hobgoblins
  5 quokkas
  5 bats
  A frilled lizard (D:2)
  34 kobolds
  4 rats
345 creatures vanquished.

Notes
Turn   | Place    | Note
-------+----------+-------------------------------------------
     0 | D:1      | seaoflcl the Minotaur Fighter began the quest for the Orb.
     0 | D:1      | Reached XP level 1. HP: 19/19 MP: 0/0
   350 | D:1      | Reached XP level 2. HP: 24/27 MP: 1/1
   636 | D:2      | Noticed Natasha
   653 | D:2      | Reached skill level 3 in Axes
   664 | D:2      | Reached XP level 3. HP: 22/33 MP: 2/2
   723 | D:2      | Killed Natasha
   757 | D:2      | Found a faded altar of an unknown god.
   937 | D:2      | Reached skill level 1 in Throwing
  1014 | D:2      | Reached XP level 4. HP: 35/40 MP: 3/3
  1109 | D:2      | Noticed Natasha
  1120 | D:2      | Killed Natasha
  1164 | D:2      | Noticed Natasha
  1173 | D:2      | Killed Natasha
  1174 | D:2      | Reached skill level 4 in Axes
  1694 | D:3      | Reached skill level 1 in Ranged Weapons
  1694 | D:3      | Reached XP level 5. HP: 45/47 MP: 4/4
  2088 | D:4      | Found Ranuhuxi's Elemental Accessories.
  2121 | D:4      | Noticed Edmund
  2135 | D:4      | Killed Edmund
  2136 | D:4      | Reached XP level 6. HP: 18/53 MP: 5/5
  2757 | D:4      | Reached skill level 1 in Maces & Flails
  2985 | D:4      | Reached skill level 5 in Shields
  3161 | D:4      | Noticed Duvessa
  3161 | D:4      | Noticed Dowan
  3167 | D:4      | Killed Duvessa
  3168 | D:4      | Reached skill level 5 in Fighting
  3168 | D:4      | Reached skill level 5 in Armour
  3168 | D:4      | Reached XP level 7. HP: 61/61 MP: 6/6
  3172 | D:4      | Killed Dowan
  3548 | D:5      | Entered Level 5 of the Dungeon
  3862 | D:5      | Found a transporter.
  3863 | D:5      | Noticed a yak
  3864 | D:5      | Noticed Irreverend's ghost (novice DsFi)
  3872 | D:5      | Found a transporter.
  4377 | D:6      | Reached XP level 8. HP: 42/70 MP: 7/7
  4519 | D:6      | Found Nuvegh's Jewellery Shoppe.
  4531 | D:6      | Found a shimmering blue altar of Sif Muna.
  5264 | D:7      | Reached skill level 1 in Long Blades
  5264 | D:7      | Reached skill level 5 in Axes
  5726 | D:7      | Reached skill level 6 in Axes
  5727 | D:7      | Reached XP level 9. HP: 50/78 MP: 8/8
  6315 | D:7      | Found a staircase to the Ecumenical Temple.
  6324 | Temple   | Entered the Ecumenical Temple
  6500 | Temple   | Became a worshipper of Warmaster Okawaru
  7009 | D:7      | Reached skill level 7 in Axes
  7019 | D:7      | Noticed Pikel
  7020 | D:7      | Reached skill level 5 in Ranged Weapons
  7038 | D:7      | Killed Pikel
  7038 | D:7      | Reached * piety under Okawaru
  7039 | D:7      | Reached skill level 5 in Throwing
  7537 | D:8      | Reached skill level 8 in Axes
  7664 | D:8      | Reached XP level 10. HP: 86/86 MP: 9/9
  7746 | D:8      | Reached ** piety under Okawaru
  8278 | D:9      | Reached skill level 9 in Axes
  8280 | D:9      | Reached skill level 5 in Long Blades
  8406 | D:9      | Reached *** piety under Okawaru
  9427 | D:10     | Entered Level 10 of the Dungeon
  9488 | D:10     | Reached **** piety under Okawaru
  9800 | D:10     | Reached XP level 11. HP: 58/95 MP: 10/10
  9813 | D:10     | Noticed a two-headed ogre
  9828 | D:10     | Killed a two-headed ogre
  9829 | D:10     | Reached skill level 10 in Axes
 10016 | D:10     | Found a flagged portal.
 10026 | Bailey   | Entered a bailey
 10555 | Bailey   | Reached ***** piety under Okawaru
 10611 | Bailey   | Noticed an orc knight
 10622 | Bailey   | Killed an orc knight
 10724 | Bailey   | Identified the +7 executioner's axe "Weci" {elec, +Blink
                  | Will- Str+3 Int+3}
 11696 | D:11     | Found a staircase to the Lair.
 11721 | D:11     | Received a gift from Okawaru
 11867 | D:11     | Noticed a two-headed ogre
 11870 | D:11     | Killed a two-headed ogre
 11909 | D:11     | Reached skill level 11 in Axes
 12134 | D:11     | Identified the +9 longbow of the Equator {flame, rPois rF-
                  | rN+ Dex+4} (Okawaru gifted it to you on level 11 of the
                  | Dungeon)
 12134 | D:11     | Received a gift from Okawaru
 12419 | D:11     | Reached skill level 10 in Armour
 12618 | D:11     | Noticed a two-headed ogre
 12627 | D:11     | Killed a two-headed ogre
 12628 | D:11     | Reached XP level 12. HP: 61/105 MP: 11/11
 13286 | Lair:1   | Entered Level 1 of the Lair of Beasts
 13772 | Lair:1   | Reached skill level 12 in Axes
 14038 | Lair:1   | Noticed Harold
 14051 | Lair:1   | Killed Harold
 14079 | Lair:1   | Reached ****** piety under Okawaru
 14085 | Lair:1   | Reached skill level 10 in Fighting
 14088 | Lair:1   | Received a gift from Okawaru
 14764 | Lair:1   | Reached skill level 10 in Shields
 15074 | Lair:1   | Received a gift from Okawaru
 15203 | Lair:2   | Received a gift from Okawaru
 15543 | Lair:2   | Found a bloodstained altar of Trog.
 15747 | Lair:2   | Reached skill level 13 in Axes
 16081 | Lair:2   | Noticed a five-headed hydra
 16091 | Lair:3   | Noticed Snorg
 16098 | Lair:3   | Slain by a six-headed hydra

Illustrated notes

Levels and vault maps discovered:
D:1:      dpeg_arrival_pond, layout_rooms
D:2:      minmay_general_purpose_star, layout_basic,
          chequers_ecumenical_altar_lobes, uniq_natasha
D:3:      layout_loops_ring, minmay_misc_feat_alley,
          chequers_serial_rivers_room_a
D:4:      layout_basic, nicolae_elemental_shop, uniq_edmund, uniq_duvessa
D:5:      layout_rooms, gammafunk_ghost_arena, hex_tiny
D:6:      layout_basic, nicolae_sif_muna_condensation, nicolae_stop_n_shop_1,
          nicolae_grassy_gnolls
D:7:      layout_basic, minmay_temple_entry_drinking_statues, uniq_pikel
D:8:      layout_basic
D:9:      layout_basic
D:10:     layout_basic, enter_bailey_6
D:11:     layout_basic, due_lair_maze_entry_diamond
D:12:     layout_roguey [special_room_orc], orc_0_dummy
Temple:   mainiacjoe_temple_starburst
Lair:1:   layout_regular_city, grunt_megastairs_2, infiniplex_staircase_pool_2,
          lemuel_fruit_tree, uniq_harold
Lair:2:   layout_loops_ring, nicolae_swamp_entry_splash_gauntlet, minivault_23,
          lemuel_centaur_altar, grunt_megastairs_4
Lair:3:   layout_regular_city, nicolae_spider_entry_non_spiders, uniq_snorg

Skill      XL: |  1  2  3  4  5  6  7  8  9 10 11 12 |
---------------+-------------------------------------+-----
Axes           | 3 4 6 8 9 11 13 | 13.0
Fighting       | 4 5 6 7 8 9 10 | 10.4
Shields        | 4 5 6 7 8 9 10 | 10.3
Armour         | 4 5 6 7 8 10 11 | 11.7
Throwing       | 1 2 3 4 5 6 7 8 |  8.0
Ranged Weapons | 1 2 3 4 5 6 7 8 |  8.6
Maces & Flails | 1 3 |  3.1
Long Blades    | 2 4 5 7 8 |  8.4

Action                     |  1- 3 |  4- 6 |  7- 9 | 10-12 || total
---------------------------+-------+-------+-------+-------++-------
  Melee: War axe           |    63 |    95 |    91 |   416 ||   665
         Headbutt          |    11 |    17 |    25 |    83 ||   136
         Dire flail        |       |       |    46 |       ||    46
         Short sword       |       |       |       |     4 ||     4
   Fire: Sling             |       |       |       |    14 ||    14
  Throw: Boomerang         |     1 |     3 |       |    42 ||    46
         Dart              |       |     3 |     5 |       ||     8
         Javelin           |       |       |    10 |    26 ||    36
         Throwing net      |       |       |       |     2 ||     2
 Invoke: Heroism           |       |       |       |     1 ||     1
    Use: Potion            |       |     3 |     2 |     3 ||     8
         Scroll            |       |       |     5 |     5 ||    10
 Armour: Scale mail        |    34 |    31 |       |       ||    65
         Chain mail        |       |    11 |    33 |       ||    44
         Plate armour      |       |       |    26 |   333 ||   359
  Dodge: Dodged            |    35 |    39 |    67 |   196 ||   337
  Block: Buckler           |    15 |    21 |    31 |   163 ||   230
